 Dungeon Crawl Stone Soup version 0.19.1 (webtiles) character file.

38 RaHiT the Magician (level 3, 0/24 HPs)
             Began as a Mummy Conjurer on Dec 20, 2016.
             Slain by an adder (3 damage)
             ... on level 2 of the Dungeon.
             The game lasted 00:06:02 (1611 turns).

RaHiT the Magician (Mummy Conjurer)                 Turns: 1611, Time: 00:06:02

Health: 0/24       AC:  3    Str: 11    XL:     3   Next: 25%
Magic:  2/8        EV: 12    Int: 15    God:
Gold:   57         SH:  0    Dex: 12    Spells: 2 memorised, 6 levels left

rFire  x . .     SeeInvis .     k - +0 hunting sling
rCold  + . .     Gourm    .     a - +0 robe
rNeg   + + +     Faith    .     (no shield)
rPois  ∞         Spirit   .     (no helmet)
rElec  .         Reflect  .     (no cloak)
rCorr  .         Harm     .     h - +0 pair of gloves
MR     .....                    (no boots)
Stlth  ++........               (no amulet)
                                (no ring)
                                (no ring)

@: no status effects
A: no food or potions, fire vulnerability, cold resistance 1, negative energy
resistance 3, torment resistance, unbreathing
a: no special abilities


You were on level 2 of the Dungeon.
You were not hungry.

You visited 1 branch of the dungeon, and saw 2 of its levels.

You collected 57 gold pieces.

Inventory:

Hand Weapons
 j - a +0 spear
 k - a +0 hunting sling (weapon)
Missiles
 c - 47 poisoned needles
 e - 43 sling bullets (quivered)
Armour
 a - a +0 robe (worn)
 h - a +0 pair of gloves (worn)
Scrolls
 d - 3 scrolls of fog {unknown}
 f - a scroll of identify {unknown}
 g - a scroll of enchant armour {unknown}
 i - 3 scrolls of teleportation {unknown}
 l - a scroll of enchant weapon {unknown}
Books
 b - a book of Conjurations

   Spells                             Type                      Level
   a - Magic Dart                     Conjuration                  1
   b - Searing Ray                    Conjuration                  2
   c - Dazzling Spray                 Conjuration/Hexes            3
   d - Fulminant Prism                Conjuration/Hexes            4
   e - Iskenderun's Mystic Blast      Conjuration                  4
   f - Iskenderun's Battlesphere      Conjuration/Charms           5


   Skills:
 - Level 1.5 Dodging
 - Level 1.5 Stealth
 * Level 3.5 Spellcasting
 - Level 3.2 Conjurations


You had 6 spell levels left.
You knew the following spells:

 Your Spells              Type           Power        Failure   Level  Hunger
a - Magic Dart            Conj           ##..         6%          1    N/A
b - Searing Ray           Conj           ##....       10%         2    N/A

Dungeon Overview and Level Annotations

Branches:
Dungeon (2/15)

Altars:


Innate Abilities, Weirdness & Mutations

You do not eat or drink.
Your flesh is vulnerable to fire.
You are immune to poison.
Your flesh is cold resistant. (rC+)
You are immune to negative energy. (rN+++)
You are immune to unholy pain and torment.
You can survive without breathing.


Message History

The adder barely misses you.
Firing (i - inventory):
e - 46 sling bullets (quivered)
Press: ? - help, Shift-Dir - straight line, f/p - adder
Aim: an adder (heavily wounded)
You shoot a sling bullet. The sling bullet misses the adder.
The adder bites you. The adder barely misses you.
Firing (i - inventory):
e - 45 sling bullets (quivered)
Press: ? - help, Shift-Dir - straight line, f/p - adder
Aim: an adder (heavily wounded)
You shoot a sling bullet. The sling bullet misses the adder.
The adder barely misses you.
Firing (i - inventory):
e - 44 sling bullets (quivered)
Press: ? - help, Shift-Dir - straight line, f/p - adder
Aim: an adder (heavily wounded)
You shoot a sling bullet.
The sling bullet closely misses the adder.
The adder bites you.
* * * LOW HITPOINT WARNING * * *
The adder bites you.
You die...

# ####..###......##.........###.
## #..............#....#..##..
.######.###.#.#..##.............#
.....<........#................#.
...##.......####..#..........#.#.
.###..........###.#..........#.#.
.#............###............#...
...............###......#.#####.#
.........(.....S@......##.####...
........##.........###.##......##
....####..)........# #....#....##
....####....##..#.####...........
.#####...####..........#..#.....#
..#....#####.....#.......##....##
#.#..### #...#####........ ....#
.....# #.### #......###....##
..##.# #.# #......# #.....


You could see an adder.

Vanquished Creatures
  A dart slug (D:1)
  2 leopard geckos (D:1)
  3 bats (D:1)
  3 giant cockroaches (D:2)
  4 goblins
  5 hobgoblins
  A quokka (D:2)
  2 frilled lizards (D:2)
  5 kobolds
  6 rats
32 creatures vanquished.

Notes
Turn   | Place    | Note
-------+----------+-------------------------------------------
     0 | D:1      | RaHiT the Mummy Conjurer began the quest for the Orb.
     0 | D:1      | Reached XP level 1. HP: 13/13 MP: 3/3
   354 | D:1      | Reached XP level 2. HP: 19/19 MP: 1/5
   396 | D:1      | Learned a level 2 spell: Searing Ray
  1180 | D:2      | Reached XP level 3. HP: 18/24 MP: 4/7
  1611 | D:2      | Slain by an adder

Skill      XL: |  1  2 |
---------------+-------+-----
Spellcasting   | 3 |  3.5
Dodging        | |  1.5
Stealth        | |  1.5
Conjurations   | |  3.2

Action                   || total
-------------------------++-------
Melee: Unarmed           ||    10
       Spear             ||    21
 Fire: Hunting sling     ||    12
 Cast: Magic Dart        ||    71
       Searing Ray       ||     1
 Stab: Sleeping          ||     1
Armor: Robe              ||    21
Dodge: Dodged            ||    43
